 Dungeon Crawl Stone Soup version 0.30-a0-394-g3e4acdb0ae (webtiles) character file.

Game seed: 13352179283679307252

99 bande the Covered (level 4, -4/29 HPs)
             Began as a Gargoyle Fighter on Dec 7, 2022.
             Slain by a white imp (5 damage)
             ... summoned by Natasha
             ... on level 2 of the Dungeon.
             The game lasted 00:03:02 (1655 turns).

bande the Covered (Gargoyle Fighter)                Turns: 1655, Time: 00:03:02

Health: -4/29      AC:  0    Str: 19    XL:     4   Next: 72%
Magic:  4/4        EV: 13    Int:  9    God:
Gold:   149        SH:  0    Dex: 11    Spells: 3/3 levels left

rFire   . . .      SeeInvis .    (weapon currently unavailable)
rCold   . . .      Faith    .    (shield currently unavailable)
rNeg    + . .      Spirit   .    (body armour currently unavailable)
rPois   ∞          Reflect  .    (helmet currently unavailable)
rElec   .          Harm     .    (cloak currently unavailable)
rCorr   .          Rampage  .    (gloves currently unavailable)
Will    .....                    (boots currently unavailable)
Stlth   +.........               (no amulet)
HPRegen 0.24/turn                (ring currently unavailable)
MPRegen 0.09/turn                (ring currently unavailable)

@: pig-form, very quick
A: fast, no casting, sickness immunity, AC +3, small, negative energy resistance
1, (electricity resistance), torment resistance 1, petrification resistance
a: no special abilities


You were on level 2 of the Dungeon.
You were a filthy swine.
You visited 1 branch of the dungeon, and saw 3 of its levels.

You collected 149 gold pieces.

Inventory:

Hand Weapons
 a - a +0 war axe (melded)
Armour
 b - a +0 scale mail (melded)
 c - a +0 buckler (melded)
 g - a +1 pair of gloves (melded)
 n - a +0 cloak (melded)
Scrolls
 h - 4 scrolls of teleportation {unknown}
 j - a scroll of butterflies {unknown}
 k - a scroll of identify {unknown}
 m - a scroll of immolation {unknown}
Potions
 d - 2 potions of might
 f - a potion of ambrosia
 i - 3 potions of haste
 l - a potion of degeneration {unknown}
 o - a potion of curing {unknown}


   Skills:
 + Level 3.8 Fighting
 + Level 2.8 Axes
 + Level 4.3 Armour
 - Level 0.1 Dodging
 + Level 0.2 Stealth
 + Level 3.7 Shields


You had 3 spell levels left.
You didn't know any spells.
Your spell library contained the following spells:

 Spells                   Type           Power      Damage    Failure   Level
 Ensorcelled Hibernation  Hex/Ice        0%         N/A       52%         2
 Passwall                 Tmut/Erth      0%         N/A       52%         2
 Gell's Gravitas          Tloc           0%         N/A       77%         3
 Ozocubu's Armour         Ice            0%         N/A       77%         3
 Swiftness                Air            0%         N/A       77%         3
 Teleport Other           Tloc           0%         N/A       77%         3
 Metabolic Englaciation   Hex/Ice        0%         N/A       100%        5
 Dispersal                Tloc           0%         N/A       100%        6
 Simulacrum               Ice/Necr       0%         N/A       100%        6


Dungeon Overview and Level Annotations

Branches:
Dungeon (3/15)

Altars:
Gozag

Annotations:
D:2 Natasha


Innate Abilities, Weirdness & Mutations

You are a filthy swine.
You move quickly.
Your equipment is almost entirely melded.
You are incapable of wielding weapons or throwing items.
You cannot cast spells.
You are immune to sickness and miasma.
((Your stone body is resilient. (AC +3)))
You are immune to poison.
You resist negative energy. (rN+)
((You are resistant to electric shocks. (rElec)))
You are resistant to unholy torment.
You are immune to petrification.


Message History

The magic dart hits you.
You hit Natasha but do no damage.
Natasha is moderately wounded.
Natasha claws you but does no damage. Natasha claws you.
You barely miss Natasha.
Natasha is moderately wounded.
You block Natasha's attack. Natasha claws you but does no damage.
You hit Natasha.
Natasha is heavily wounded.
Natasha claws you but does no damage. You block Natasha's attack.
Unknown command.
You closely miss Natasha.
Natasha is heavily wounded.
You block Natasha's attack.
Natasha casts a spell.
You hit Natasha.
Natasha is severely wounded.
You barely miss the white imp. Natasha closely misses you.
Natasha zaps a wand.
You turn into a filthy swine.
Your +0 war axe melds into your body.
Your +0 cloak melds into your body.
Your +1 pair of gloves melds into your body.
Your +0 buckler melds into your body.
Your +0 scale mail melds into your body.
The white imp misses you.
Unknown command.
You hit Natasha but do no damage.
Natasha is severely wounded.
Natasha claws you. The white imp gestures at you. The puff of frost hits you!
Unknown command.
You closely miss Natasha.
Natasha is severely wounded.
Natasha casts a spell at you. The magic dart hits you!
* * * LOW HITPOINT WARNING * * *
The white imp hits you.
* * * LOW HITPOINT WARNING * * *
The white imp freezes you.
You die...

#.##.###..###...######.###...##
###.#..# #.## #..## #...# ######
#...#.## #.# #..# #.#.# #
#...#.####.####..#####...# #
#............##..##.....## ##
#............#.........#########.
#......................÷...##....
#...<...........5..........#..###
#.........>....hh......^.....##
#..........>...............###
#........(............÷....#
####.......................#
######..............#####
##............## ##..........##
############


You could see Natasha (fast) and a white imp (summoned).

Vanquished Creatures
  Crazy Yiuf (D:2)
  An adder (D:2)
  2 dart slugs
  An orc (D:3)
  4 bats
  6 endoplasms
  A giant cockroach (D:2)
  6 goblins
  7 hobgoblins
  A quokka (D:2)
  6 ball pythons
  6 frilled lizards
  6 kobolds
  8 rats
56 creatures vanquished.

Notes
Turn   | Place    | Note
-------+----------+-------------------------------------------
     0 | D:1      | bande the Gargoyle Fighter began the quest for the Orb.
     0 | D:1      | Reached XP level 1. HP: 14/14 MP: 1/1
   105 | D:1      | Reached XP level 2. HP: 19/19 MP: 2/2
   430 | D:1      | Reached XP level 3. HP: 24/24 MP: 3/3
  1084 | D:2      | Found an opulent altar of Gozag.
  1096 | D:2      | Identified the +5 short sword "Zimap" {chaos, Drain rCorr
                  | Str+4}
  1265 | D:2      | Reached XP level 4. HP: 26/29 MP: 4/4
  1487 | D:2      | Found a runed translucent door.
  1488 | D:2      | Noticed Crazy Yiuf
  1494 | D:2      | Killed Crazy Yiuf
  1495 | D:2      | Reached skill level 4 in Armour
  1620 | D:3      | Noticed Natasha
  1655 | D:2      | HP: 1/29 [white imp[Natasha] (3)]
  1655 | D:2      | Slain by a white imp

Illustrated notes

Levels and vault maps discovered:
D:1:      dpeg_arrival_ratfight, layout_basic, minmay_misc_feat_diagonals
D:2:      layout_rooms, basic_altar, uniq_crazy_yiuf_cottage
D:3:      layout_loops_ring, lemuel_coloured_pillars_altar,
          mainiacjoe_overflow_chevrons, serial_shops, shop, dk_noncrumbling_2,
          uniq_sigmund, uniq_terence, uniq_grinder, uniq_natasha

Skill      XL: |  1  2  3  4 |
---------------+-------------+-----
Axes           | 2 |  2.8
Armour         | 4 |  4.3
Fighting       | |  3.8
Dodging        | |  0.1
Stealth        | |  0.2
Shields        | |  3.7

Action                   |  1- 3 |  4- 6 || total
-------------------------+-------+-------++-------
Melee: War axe           |   107 |    45 ||   152
       Unarmed           |       |     2 ||     2
  Use: Potion            |       |     2 ||     2
Armor: Scale mail        |    52 |    24 ||    76
Dodge: Dodged            |    47 |    36 ||    83
Block: Buckler           |    20 |    15 ||    35

Table legend: (Time is in decaauts)
 A = Elapsed time spent in this place.
 B = Non-inter-level travel time spent in this place.
 C = Inter-level travel time spent in this place.
 D = Time resting spent in this place.
 E = Time spent auto-exploring this place.
 F = Levels seen in this place.
 G = Mean time per level.
                   A        B        C        D        E       F      G
               +--------+--------+--------+--------+--------+-----+--------+
         Total |   1712 |   1666 |     46 |      0 |   1249 |   3 |  570.7 |
       Dungeon |   1712 |   1666 |     46 |      0 |   1249 |   3 |  570.7 |
               +--------+--------+--------+--------+--------+-----+--------+

Top non-repeatable levels by time:
     D:1: 1036 daAuts
     D:2: 590 daAuts
     D:3: 85 daAuts
